 Dungeon Crawl Stone Soup version 0.32-a0-350-g4f4d228 (webtiles) character file.

Game seed: 15422907159527927806

173 edsrzf the Chopper (level 5, -3/30 (41) HPs)
             Began as a Mountain Dwarf Reaver on Feb 17, 2024.
             Was a Believer of Uskayaw.
             Slain by a sleepcap (15 damage)
             ... on level 4 of the Dungeon.
             The game lasted 00:06:38 (2607 turns).

edsrzf the Chopper (Mountain Dwarf Reaver)          Turns: 2607, Time: 00:06:39

HP:   -3/30 (41)    AC:  5    Str: 15    XL:     5   Next: 28%
MP:   6/8           EV:  2    Int: 15    God:    Uskayaw [**....]
Gold: 127           SH:  0    Dex:  8    Spells: 5/8 levels left

rFire   . . .        a - +0 hand axe
rCold   . . .        (no shield)
rNeg    + . .        b - +0 leather armour
rPois   .            (no helmet)
rElec   .            t - scarf {harm}
rCorr   .            l - +1 pair of gloves
SInv    .            (no boots)
Will    .....        (no amulet)
Stlth   +            i - ring of positive energy
HPRegen 0.25/turn    (no ring)
MPRegen 0.11/turn

%: harm (+30% outgoing, +20% incoming)
@: sleeping, very heavily drained
A: runic magic, artefact enchanting
a: Renounce Religion, Stomp, Line Pass


You were on level 4 of the Dungeon.
You worshipped Uskayaw.
Uskayaw was noncommittal.
You visited 1 branch of the dungeon, and saw 4 of its levels.

You collected 127 gold pieces.

Inventory:

Hand Weapons
 a - a +0 hand axe (weapon)
Missiles
 k - 5 poisoned darts
Armour
 b - a +0 leather armour (worn)
 l - a +1 pair of gloves (worn)
 t - a scarf of harm (worn)
Jewellery
 h - a ring of fire
 i - a ring of positive energy (left hand)
Scrolls
 g - 4 scrolls of enchant weapon {unknown}
 j - a scroll of fog {unknown}
 o - 3 scrolls of poison {unknown}
 p - a scroll of blinking {unknown}
 r - a scroll of acquirement {unknown}
 s - 3 scrolls of immolation {unknown}
 u - 2 scrolls of identify {unknown}
 v - 2 scrolls of teleportation {unknown}
Potions
 c - 2 potions of heal wounds {unknown}
 d - a potion of resistance {unknown}
 e - 2 potions of enlightenment {unknown}
 f - a potion of curing {unknown}
 m - a potion of haste {unknown}
 n - a potion of brilliance {unknown}
 q - a potion of attraction {unknown}
 w - a potion of degeneration {unknown}


   Skills:
 - Level 2.1 Fighting
 + Level 4.3 Axes
 + Level 1.6 Armour
 - Level 1.3 Dodging
 - Level 2.0 Spellcasting
 - Level 4.0 Conjurations
 - Level 3.0 Necromancy


You had 5 spell levels left.
You knew the following spells:

 Your Spells              Type           Power      Damage    Failure   Level
a - Kiss of Death         Conj/Necr      48%        2d9       5%          1
b - Momentum Strike       Conj/Tloc      14%        3d8       16%         2

Your spell library contained the following spells:

 Spells                   Type           Power      Damage    Failure   Level
 Fugue of the Fallen      Necr           10%        N/A       21%         3
 Hailstorm                Conj/Ice       7%         3d5       30%         3
 Ensorcelled Hibernation  Hex/Ice        2%         N/A       34%         2
 Anguish                  Hex/Necr       3%         N/A       77%         4


Dungeon Overview and Level Annotations

Branches:
Dungeon (4/15)
 Temple: D:4-7

Altars:
Qazlal
Uskayaw
Vehumet

Annotations:
D:2 1 runed translucent door, Crazy Yiuf


Innate Abilities, Weirdness & Mutations

Your spellcasting is much less encumbered by armour.
You can use scrolls of enchantment on lesser artefacts.


Message History

The endoplasm is lightly wounded.
The endoplasm freezes you.
You are frozen.
You hit the endoplasm.
The endoplasm is moderately wounded.
The endoplasm hits you but does no damage.
You hit the endoplasm.
The endoplasm is severely wounded.
The endoplasm misses you.
You hit the endoplasm but do no damage.
The endoplasm is severely wounded.
The endoplasm hits you but does no damage.
You hit the endoplasm but do no damage.
The endoplasm is severely wounded.
The endoplasm freezes you.
You are frozen.
The endoplasm hits you but does no damage.
You hit the endoplasm.
You kill the endoplasm!
An endoplasm comes into view.
The endoplasm quivers.
You hit the endoplasm.
You kill the endoplasm!
There is a stone staircase leading down here.
Found an escape hatch in the ceiling.
w - a dark potion
u - 2 scrolls labelled MOEPLEW IHEDDUN (gained 1)
You see here 7 stones.
There is a stone staircase leading up here.
There is a stone staircase leading up here.
Done exploring.
You see here a +0 whip.
There is a stone staircase leading down here.
You climb downwards.
Found 2 poisoned darts, 11 gold pieces and 2 red potions.
Found a stone staircase leading up.
There is a stone staircase leading up here.
A sleepcap is nearby!
An iguana comes into view.
The iguana hisses angrily.
You hit the sleepcap.
The sleepcap is lightly damaged.
The sleepcap closely misses you.
You hit the sleepcap but do no damage.
The sleepcap is lightly damaged.
The sleepcap barely misses you.
You hit the sleepcap.
The sleepcap is lightly damaged.
The sleepcap barely misses you.
You hit the sleepcap.
The sleepcap is moderately damaged.
The sleepcap releases spores at you.
You are engulfed in a cloud of soporific spores!
You fall asleep.
The iguana bites you!
You wake up.
The sleepcap releases spores at you.
You are engulfed in a cloud of soporific spores!
You are unaffected.
Okay, then.
Okay, then.
Cast which spell? (? or * to list)
Aiming: Kiss of Death (safe; 5% risk of failure)
Press: ? - help, Shift-Dir - straight line, f - iguana
Aim: an iguana (100% to hit)
The fragment of death hits the iguana!
The iguana is drained!
The iguana is almost dead.
You feel drained. The iguana barely misses you.
The sleepcap releases spores at you.
You are engulfed in a cloud of soporific spores!
You are unaffected.
You can now pass through a line of other dancers.
Casting: Kiss of Death (safe; 5% risk of failure)
Confirm with . or Enter, or press ? or * to list all spells.
Okay, then.
You barely miss the iguana.
The iguana is almost dead.
You hit the sleepcap but do no damage. The iguana closely misses you.
The sleepcap releases spores at you.
You are engulfed in a cloud of soporific spores!
You are unaffected.
You hit the iguana.
You kill the iguana!
You hit the sleepcap but do no damage. The sleepcap barely misses you.
Casting: Kiss of Death (safe; 5% risk of failure)
Confirm with . or Enter, or press ? or * to list all spells.
Aiming: Kiss of Death (safe; 5% risk of failure)
Press: ? - help, Shift-Dir - straight line, f - sleepcap
Aim: a sleepcap (moderately damaged, 100% to hit)
The fragment of death hits the sleepcap.
The sleepcap is drained!
The sleepcap is heavily damaged.
You feel drained. The sleepcap completely misses you.
You hit the sleepcap.
The sleepcap is heavily damaged.
The sleepcap releases spores at you.
You are engulfed in a cloud of soporific spores!
You fall asleep.
The sleepcap releases spores at you!
Ouch! That really hurt!
You die...
Your body falls in perfect tune with the rhythm.

....##....####
............#
#............
###............
#...<..........
#.....#.......#
#(.....<#
#.......#.#
##...@....#
#....f.##.....
...$.....#
.....
###......# ....
#..!.... ..##
##......# ..
#......#
#......#


You could see a sleepcap (very drained).

Vanquished Creatures
  An iguana (D:4)
  2 adders
  A dart slug (D:3)
  4 ribbon worms (D:2)
  An orc (D:3)
  5 endoplasms
  A giant cockroach (D:1)
  5 goblins
  7 hobgoblins
  6 jackals
  6 quokkas
  3 ball pythons
  7 bats
  4 frilled lizards
  7 kobolds
  6 rats
66 creatures vanquished.

Notes
Turn   | Place    | Note
-------+----------+-------------------------------------------
     0 | D:1      | edsrzf the Mountain Dwarf Reaver began the quest for the
                  | Orb.
     0 | D:1      | Reached XP level 1. HP: 17/17 MP: 3/3
    58 | D:1      | Reached skill level 2 in Spellcasting
    81 | D:1      | Reached skill level 3 in Conjurations
    81 | D:1      | Reached XP level 2. HP: 13/24 MP: 5/5
   144 | D:1      | Reached skill level 1 in Necromancy
   363 | D:1      | Reached XP level 3. HP: 25/29 MP: 6/6
   712 | D:1      | Reached skill level 2 in Necromancy
  1035 | D:2      | Reached XP level 4. HP: 31/36 MP: 7/7
  1322 | D:2      | Learned a level 2 spell: Momentum Strike
  1604 | D:2      | Found a runed translucent door.
  1605 | D:2      | Noticed Crazy Yiuf
  1809 | D:3      | Reached skill level 3 in Necromancy
  1830 | D:3      | Found a hide-covered altar of Uskayaw.
  1841 | D:3      | Found a radiant altar of Vehumet.
  1859 | D:3      | Became a worshipper of Uskayaw the Reveller
  1931 | D:3      | Reached skill level 4 in Conjurations
  2013 | D:3      | Reached * piety under Uskayaw
  2134 | D:3      | Reached ** piety under Uskayaw
  2226 | D:3      | Found a stormy altar of Qazlal.
  2321 | D:3      | Reached skill level 4 in Axes
  2321 | D:3      | Reached skill level 1 in Armour
  2321 | D:3      | Reached XP level 5. HP: 37/41 MP: 8/8
  2607 | D:4      | Slain by a sleepcap

Illustrated notes

Levels and vault maps discovered:
D:1:      mainiacjoe_arrival_reflecting_pool, layout_loops_ring,
          chequers_serial_rivers_micro_b, dreamdust_princess_bridge,
          minmay_misc_feat_diagonals
D:2:      layout_rooms, uniq_crazy_yiuf_cottage
D:3:      layout_loops_ring, mainiacjoe_overflow_alcove_4,
          mainiacjoe_overflow_large_starburst
D:4:      gammafunk_wand_slinger, layout_basic,
          nicolae_overflow_macrodata_refinement, kennysheep_little_box,
          minmay_temple_entry_mini_moons, serial_shops, nicolae_shop_dealshenge,
          chequers_serial_rivers_small_b, st_stairs_7, uniq_duvessa

Skill      XL: |  1  2  3  4 |
---------------+-------------+-----
Spellcasting   | 2 |  2.0
Conjurations   | 3 4 |  4.0
Necromancy     | 1 2 3 |  3.0
Axes           | 4 |  4.3
Armour         | 1 |  1.6
Fighting       | |  2.1
Dodging        | |  1.3

Action                     |  1- 3 |  4- 6 || total
---------------------------+-------+-------++-------
  Melee: Hand axe          |   120 |   168 ||   288
  Throw: Dart              |       |     7 ||     7
   Cast: Kiss of Death     |       |     2 ||     2
 Armour: Leather armour    |    76 |    80 ||   156
  Dodge: Dodged            |    69 |    98 ||   167

Table legend: (Time is in decaauts)
 A = Elapsed time spent in this place.
 B = Non-inter-level travel time spent in this place.
 C = Inter-level travel time spent in this place.
 D = Time resting spent in this place.
 E = Time spent auto-exploring this place.
 F = Levels seen in this place.
 G = Mean time per level.
                   A        B        C        D        E       F      G
               +--------+--------+--------+--------+--------+-----+--------+
         Total |   2641 |   2570 |     71 |    237 |   1645 |   4 |  660.2 |
       Dungeon |   2641 |   2570 |     71 |    237 |   1645 |   4 |  660.2 |
               +--------+--------+--------+--------+--------+-----+--------+

Top non-repeatable levels by time:
     D:1: 914 daAuts
     D:2: 892 daAuts
     D:3: 821 daAuts
     D:4: 13 daAuts
